[Event "Metz op 31th"]
[Site "Metz"]
[Date "2013.04.20"]
[Round "1"]
[White "Bellahcene, Bilel"]
[Black "Nisipeanu, Liviu Dieter"]
[Result "0-1"]
[ECO "E10"]
[WhiteElo "2367"]
[BlackElo "2677"]
[Annotator "Metz Alekhine/Primel,D"]
[PlyCount "60"]
[EventDate "2013.04.20"]
[EventType "swiss"]
[EventRounds "9"]
[EventCountry "FRA"]
[SourceTitle "EXT 2016"]
[Source "ChessBase"]
[SourceDate "2015.10.08"]
[SourceVersion "1"]
[SourceVersionDate "2015.10.08"]
[SourceQuality "1"]
[TimeControl "40/5400:1800+30"]
[WhiteClock "1:30:00"]
[BlackClock "1:30:00"]

1. d4 Nf6 2. Nf3 c5 3. d5 e6 4. c4 {Transpose sur une Benoni} (4. Nc3 $142 {
Pose davantage de problèmes aux Noirs pour égaliser} exd5 5. Nxd5 Nxd5 6.
Qxd5 Be7 7. e4 O-O 8. Bc4 (8. Be2) 8... Nc6 9. O-O d6 10. c3 Be6 11. Qd3 Bxc4
12. Qxc4 Ne5 13. Nxe5 dxe5 14. Be3 $14 ) 4... b5 $5
{Un gambit risqué mais le roumain a beaucoup d'expérience sur cette ligne
secondaire de la défense Blumenfeld} 5. Bg5 b4 6. e4 {60 Il s'agissait d'une
première ronde et les Blancs cherchent leurs coups alors que les Noirs
répondent à tempo.} (6. a3 h6 {Ivanchuk,V (2787)-Nisipeanu,L (2668) World
Cup Khanty-Mansiysk 2007 (3.3) 1-0}) 6... d6 {91 Déjà un sérieux retard
pour les Blancs} 7. Bd3 (7. a3 h6 (7... a5) 8. Bxf6 Qxf6 {Gurevich,M (2590)
-Alburt,L (2520) World op 17th 1989 (9) 1/2}) (7. a3 Be7 8. Nbd2 O-O 9. axb4
cxb4 10. dxe6 fxe6 11. Bd3 Nbd7 12. O-O a5 13. Qe2 Ng4 14. Nd4 Bxg5 15. Nxe6
Qf6 16. Qxg4 Bxd2 17. Nxf8 Nxf8 18. Qe2 Bf4 19. b3 Ne6 20. Ra2 Nd4 21. Qd1 Qh6
22. g3 Bh3 23. Bb1 Bd2 24. e5 Re8 25. Be4 Bc3 26. Bd5+ Kh8 27. Rxa5 dxe5 28.
Re1 Bxe1 29. Qxe1 e4 30. Kh1 Nf3 31. Qa1 Qf6 32. Bxe4 Qxa1+ 33. Rxa1 Nd2 34.
Bg2 Bf5 35. Rd1 Nxb3 36. h3 h6 {Moiseenko,A (2707)-Savchenko,B (2581) Dubai
2014 0-1}) 7... Be7 8. O-O a5 9. Bf4 $146 (9. Be3 O-O 10. h3 Nbd7 11. Nbd2 e5
12. Re1 Ne8 13. Nf1 g6 14. g4 Ng7 15. Ng3 Nf6 16. Bh6 Kh8 17. Kh2 Ng8 18. Be3
f5 19. exf5 gxf5 20. gxf5 Nxf5 21. Nxf5 Bxf5 22. Bxf5 Rxf5 23. Rg1 Qd7 24. Nd2
Nf6 25. Qe2 Rf8 26. f3 Rh5 27. Rg3 Rg8 28. Qg2 Rg6 29. Rg1 Bf8 30. Ne4 Nxe4 31.
fxe4 Rxg3 32. Qxg3 Qf7 {1/2-1/2 (32) Schwing,H (2308)-Prusikin,M (2542) Bad
Liebenzell 2010}) 9... O-O (9... e5 $11) 10. h3 e5 11. Bh2 $2 {[%csl Gd6,Ge5,
Rh2] Une grosse faute positionnelle car quel est l'avenir de ce Bh2 enfermé
par le centre Noir?} (11. Be3 $142 Nbd7 12. a3) 11... Nbd7 $11 12. Nbd2 {40} (
12. a3 $1 {Un thème important dans ce genre de structure à l'aile-dame})
12... a4 {58} 13. Ne1 {[%cal Gf2f4] Les Blancs doivent préparer la poussée
f4 pour tenter de ranimer le mauvais Bh2 mais au risque d'affaiblir le P"e4"}
g6 14. Be2 (14. Bc2) 14... Ne8 15. Nd3 Ng7 16. f4 {Les Blancs tentent d'activer le mauvais Bh2 mais au
prix d'un affaiblissement de la case "e5"} exf4 $1 17. Bxf4 f5 $1 18. Bh6 $6 (18. e5 $142 Nxe5 19. Nxe5 dxe5 20. Bxe5
Bd6 21. Nf3 $132) 18... Bg5 $1 19. Bxg7 Kxg7 $15 20. exf5 Rxf5 21.
Bg4 $6 (21. Rxf5 $142 gxf5 22. Qc2 Be3+ 23. Kh2 Qf6 24. Rf1) 21... Rxf1+ 22.
Nxf1 Qf6 23. Qc2 a3 $40 24. Rb1 axb2 25. Qxb2 Qxb2 26. Rxb2
Nb6 27. Rc2 Ba6 {La position Blanche s'effondre} 28. Nb2 Bf6 29. Nd2 Bd4+ 30.
Kh2 Bxb2 0-1

[Event "Rohde op 12th"]
[Site "Sautron"]
[Date "2012.10.28"]
[Round "2"]
[White "Colin, Vincent"]
[Black "Rusev, Krasimir"]
[Result "1-0"]
[ECO "E10"]
[WhiteElo "2407"]
[BlackElo "2549"]
[Annotator "Primel,D"]
[PlyCount "95"]
[EventDate "2012.10.27"]
[EventType "swiss"]
[EventRounds "9"]
[EventCountry "FRA"]
[SourceTitle "EXT 2014"]
[Source "ChessBase"]
[SourceDate "2013.11.20"]
[SourceVersion "1"]
[SourceVersionDate "2013.11.20"]
[SourceQuality "1"]
[TimeControl "40/5400+30:1800+30"]
[WhiteClock "1:30:00"]
[BlackClock "1:30:00"]

1. d4 Nf6 2. c4 Nc6 3. Nf3 e6 4. a3
$1 {[%emt 0:01:07] Plus ambitieux que Bd2 joué а la seconde ronde qui n'avait
pas posé de problèmes au Bulgare} (4. Nc3 Bb4 5. Qc2 {Transposant dans une
variante Zurich de la Nimzo-Indienne} d6 6. a3 (6. Bd2 {Drasko,
M (2471)-Rusev,K (2549) 12th Sautron Open 2012 (9.7) 0-1}) 6... Bxc3+ 7. Qxc3
O-O (7... a5) 8. b4 e5 $132) 4... d6 5. Nc3 g6 6. e4 Bg7 7. Be2 (7. h3 O-O 8. Be3 (8. Bg5) 8... Re8 )
7... O-O 8. O-O Re8 {[%emt 0:02:10] Ce
système Tango est lent mais difficile а réfuter malgré les tempi perdus.} 9. d5 ({La ligne principale mais après une petite hésitation,
Vincent va choisir la ligne critique d5.} 9. Be3 $143 e5 10. d5 Nd4 11. Nxd4 exd4 12. Bxd4 Nxe4 $36 {Popov,V (2545)-Bologan,V 
(2676) RUS-chT Tomsk 2001 (3) 0-1}) 9... exd5 10.
cxd5 Ne7 11. Nd4 $5 $146 (
11. Re1 c6 12. dxc6 Nxc6 13. Bf1 Bg4 14. h3 Bxf3 15. Qxf3 d5 16. Bg5 Nd4 17.
Qd3 dxe4 18. Nxe4 Qb6 19. Nxf6+ Bxf6 20. Bxf6 Qxf6 21. b4 a6 22. a4 Rad8 23.
Rxe8+ Rxe8 24. Rc1 Rd8 25. Qe4 Qb6 {Nikolov,M (2550)-Arnaudov,P (2404)/
Blagoevgrad 2010/CBM 135 Extra/1-0 (41)}) 11... c6 $1 {[%emt 0:00:39] Le
bulgare n'était pas surpris par la nouveauté et il répond а tempo} 12. dxc6 $1 (12. Bf3 $143 {[%cal Gf3d5] Un coup naturel mais après
l'échange, le Bf3 est assez passif} cxd5 13. exd5 Nf5 14. Nxf5 Bxf5 $11 ) 12... Nxc6 13. Nxc6 bxc6 14. Qa4 Bd7 {[%emt 0:46:42] Le GMI avait joué
jusqu'içi а tempo mais pour le 01er coup coup hors préparation, il va
réfléchir plus de 45 mns.} (14... Qe7 $5 {Plus actif} 15. Qxc6 Bb7 $132 ) 15. Bf4 (15. Rd1 d5 $132 ) 15... d5 (15... Rb8 $5 {Plus souple} 16. Rab1 Qe7 17. Rfd1 Nxe4 18.
Nxe4 Qxe4 19. Qxe4 Rxe4 20. Bxd6 Rxb2 $132) 16. e5 $1 Nh5 17. Bxh5 gxh5 18. Rfe1 $14 Re6 (18... h4 $5) (18... Rb8 19.
e6) 19. Bg3 Qe7 (19... a5 $5 ) (19... Rg6) 20. f4 Rg6
$132 (20... Rb8 21. Qxa7 (21. f5 Rxe5
22. Bxe5 Bxe5 23. Qxa7 Rxb2) 21... Rxb2 22. Rab1) 21. Bf2 (21.
Kh1 h4 22. Bf2 h3 23. g3 Bg4 $36 ) 21... h4 $1 22. Qd1 $1 {[%emt 0:05:36] Il faut ramener du matériel en
défense а l'aile-roi} Bh3 $36 23. g3 h5 24. Qd3 {[%emt 0:03:28] Refuse le sacrifice
qui donnait des fortes compensations aux Noirs.} (24. Qxh5 hxg3 25. hxg3 Qe6
$44 ) 24... Qd7 25. Rad1 hxg3 26. hxg3 h4 $40 27. Ne4 Bf5 $6 (27... hxg3 $142 {Il semblait plus logique d'ouvrir l'aile-roi} 28.
Nxg3 Qg4 ) 28. Nc5 $1 {[%emt 0:00:35] Provoque l'échange
des Q qui va soulager la défense des Blancs} Bxd3 29. Nxd7 Bf5 30. Nc5 hxg3 31. Bd4 Bh6 32. Kg2 Bxf4 $17 33. Rh1 $1 {[%emt 0:01:03] Il
faut anticiper Kg7 suivi de Rh8 qui donnerait une attaque gagnante aux Noirs}
Bh6 $2 $138 (33... Kg7 $142 $1 {L'échec e5e6 n'est pas
dangereux et les Noirs n'ont pas vraiment le choix pour développer la dernière
pièce.} 34. e6+ f6 35. Rdf1 Rg4 $40 36. Rh5 (36. Nd7 $2 Be4+)
36... Bg5 $1 37. Rxf5 Rxd4) 34. Rdf1 Be6 35. Rf6 $1 {[%emt 0:02:51] Repoussant l'attaque avec
sang-froid} Rxf6 36. exf6 Bf4 (36... Bf8 37. Kxg3) 37. Rh4 Bd6 38. Nxe6 fxe6 39. Rg4+ $1 {[%emt 0:00:03] Au 38ème coup, la Ra8 n'est
toujours pas développée et le K Noir est assez mal placé} Kf8 40. Rg7 c5 $6 {[%emt 0:00:00] Un coup naturel
mais qui laisse le temps aux Blancs de recycler le B avec la menace Bh6
donnant une découverte mortelle} (40... Ke8 41. Rg8+ Bf8) 41. Be3 $40 Rb8 {[%emt 0:02:09] la R se développe au ...
41ème coup!} 42. b4 $1 cxb4 43. Bh6 $18 Ke8 (43... bxa3 $8 44. Rb7+
Kg8 45. f7+ Kh7 46. f8=Q+ Rxb7 47. Qxd6 a2 (47... Kxh6 48. Qxe6+) 48. Qe5 Kxh6
49. Qxe6+ Kh7 50. Qf5+ Kg7 51. Qg4+ Kf6 52. Qf3+ Ke5 53. Qe2+ Kd4 54. Qxa2 Ke4
55. Kxg3 {Il est peut-être encore possible de construire une forteresse et
d'essayer d'annuler mais paradoxalement le K Noir serait ieux placé en e6
qu'en e4, de manière а jouer Rf7}) 44. f7+ Ke7 45. Bg5+ Kf8 46. Rh7 Be5 47. Bh6+ Bg7 48. Rxg7 1-0